 Dungeon Crawl Stone Soup version 0.25.0-1-g7eea58d2a3 (webtiles) character file.

Game seed: 15510999585674415165

14256 Delamore the Bludgeoner (level 12, 0/73 HPs)
             Began as a Gargoyle Fighter on June 14, 2020.
             Was the Champion of Okawaru.
             Killed by divine providence
             ... invoked by a meliai
              (11 damage)
             ... on level 12 of the Dungeon.
             The game lasted 00:16:16 (11423 turns).

Delamore the Bludgeoner (Gargoyle Fighter)         Turns: 11423, Time: 00:16:17

Health: 0/73       AC: 28    Str: 38    XL:     12   Next: 14%
Magic:  12/12      EV:  8    Int: 11    God:    Okawaru [******]
Gold:   864        SH:  7    Dex:  9    Spells: 11/11 levels left

rFire    . . .     SeeInvis .   W - +5 morningstar (curse)
rCold    . . .     Gourm    .   V - +2 buckler
rNeg     + . .     Faith    +   M - +0 plate armour
rPois    ∞         Spirit   .   e - +0 helmet
rElec    +         Reflect  .   J - +2 cloak
rCorr    .         Harm     .   B - +2 pair of gloves {Str+3}
MR       .....                  H - +0 pair of boots
Stlth    ..........             G - amulet of faith
HPRegen  0.22/turn              b - +6 ring of strength
MPRegen  0.13/turn              y - +6 ring of strength

@: about to teleport
A: negative energy resistance 1, electricity resistance, unbreathing,
petrification resistance, rot immunity, AC +8
a: Heroism, Finesse, Renounce Religion


You were on level 12 of the Dungeon.
You worshipped Okawaru.
Okawaru was exalted by your worship.
You were not hungry.

You visited 2 branches of the dungeon, and saw 13 of its levels.

You collected 884 gold pieces.
You spent 20 gold pieces at shops.

Inventory:

Hand Weapons
 W - a cursed +5 morningstar (weapon)
Missiles
 q - 50 poisoned darts (quivered)
 O - 5 javelins
Armour
 e - a +0 helmet (worn)
 B - a +2 pair of gloves of strength (worn)
 H - a +0 pair of boots (worn)
 J - a +2 cloak (worn)
 M - a +0 plate armour (worn)
 V - a +2 buckler (worn)
Jewellery
 b - a +6 ring of strength (left hand)
 j - an uncursed amulet of reflection
 k - an uncursed amulet of regeneration
 u - a +6 ring of dexterity
 y - a +6 ring of strength (right hand)
 G - an amulet of faith (around neck)
 R - an uncursed ring of resist corrosion
Wands
 P - a wand of flame (42)
 T - a wand of paralysis (8)
Scrolls
 g - 6 scrolls of amnesia
 h - a scroll of blinking {unknown}
 i - 8 scrolls of teleportation
 l - 3 scrolls of enchant armour {unknown}
 m - 9 scrolls of remove curse {unknown}
 v - 3 scrolls of fear {unknown}
 z - 4 scrolls of fog {unknown}
 A - 2 scrolls of noise {unknown}
 C - 2 scrolls of immolation
 E - a scroll of magic mapping
 L - 3 scrolls of enchant weapon
 N - 2 scrolls of silence
 Q - a scroll of summoning
Potions
 a - a potion of lignification {unknown}
 d - a potion of might
 o - 3 potions of mutation
 p - 4 potions of haste
 r - 3 potions of berserk rage {unknown}
 s - a potion of brilliance
 t - 4 potions of flight {unknown}
 w - 5 potions of curing {unknown}
 x - 3 potions of stabbing {unknown}
 D - 3 potions of invisibility {unknown}
 F - 4 potions of degeneration {unknown}
 I - 2 potions of cancellation {unknown}
 S - a potion of ambrosia
Miscellaneous
 n - a phantom mirror
Comestibles
 f - 31 rations


   Skills:
 + Level 7.9 Fighting
 - Level 16.2 Maces & Flails
 - Level 3.2 Armour
 + Level 7.5 Shields


You had 11 spell levels left.
You didn't know any spells.
Your spell library contained the following spells:

 Spells                   Type           Power        Failure   Level  Hunger
 Animate Skeleton         Necr           N/A          93%         1    ##.....
 Pain                     Necr           #...         93%         1    ##.....
 Vampiric Draining        Necr           #.........   100%        3    ####...
 Animate Dead             Necr           N/A          100%        4    #####..
 Agony                    Necr           #.......     100%        5    ######.


Dungeon Overview and Level Annotations

Branches:
Dungeon (12/15)            Temple (1/1) D:5            Lair (0/6) D:10
    Orc (0/2) D:11

Altars:
Ashenzari
Cheibriados
Dithmenos
Elyvilon
Fedhas
Gozag
Hepliaklqana
Kikubaaqudgha
Makhleb
Nemelex Xobeh
Okawaru
Qazlal
Ru
Sif Muna
Trog
Uskayaw
Vehumet
Wu Jian
Xom
Yredelemnul
Zin
The Shining One

Shops:
D:5 **

Portals:
Trove: D:10 (give +4 ice dragon scales)


Innate Abilities, Weirdness & Mutations

You are resistant to torment.
Your stone body is resilient. (AC +8)
You are immune to poison.
You resist negative energy. (rN+)
You are resistant to electric shocks. (rElec)
You can survive without breathing.
You are immune to petrification.
You are immune to rotting.


Message History

The killer bee stings you but does no damage.
The killer bee barely misses you.
The meliai invokes the aid of its god against you.
Something smites you!
* * * LOW HITPOINT WARNING * * *
The killer bee stings you but does no damage.
The killer bee closely misses you.
You feel much better. You block the killer bee's attack.
The meliai calls down the wrath of its god upon you.
Something smites you!
The meliai invokes the aid of its god against you.
Something smites you!
The meliai calls down the wrath of its god upon you.
Something smites you!
* * * LOW HITPOINT WARNING * * *
As you read the scroll of teleportation, it crumbles to dust.
You feel strangely unstable. You block the killer bee's attack.
The meliai calls down the wrath of its god upon you.
Something smites you!
You die...

.## ####..## ###'###### ..#
#....y.# ###........# ..#
#......# ###.'........#
..########....y.# #...#..))<...#
...).....#....yy###.###.>......#
..######.'....y##.....##.......#
..# ###..yy.#.8...8.#.......#
.## ###'#.#y......#.......# .#
#.#yy@.._..W........# ##
#.###y......#.......# #
#.###.8...8.#'####### #####
#..###.....##.....# ....#
#####'#####.########'##
....#####........##...........#
....##..'........'............#
....#..##........#.#..........#
....'.###........#.'..........#


You could see a shadow, a meliai and 5 killer bees.

Vanquished Creatures
  A two-headed ogre (D:10)
  3 skeletal warriors
  3 slime creatures (D:12)
  2 manticores
  3 hippogriffs
  10 yaks
  A shadow (D:12)
  2 vampire mosquitoes (D:12)
  A wyvern (D:12)
  7 orc warriors
  5 ice beasts
  A black bear (D:7)
  3 sky beasts
  An eye of draining (D:12)
  8 ogres
  5 phantoms
  5 centaurs
  2 big kobolds
  6 bullfrogs
  A wyvern skeleton (D:7)
  3 scorpions
  15 wights
  3 electric eels (D:7)
  16 howler monkeys
  10 crimson imps
  3 centaur zombies
  10 hounds
  4 jellies
  2 centaur skeletons
  4 orc priests
  12 orc wizards
  4 bullfrog skeletons
  2 iguanas
  7 worker ants
  A howler monkey zombie (D:7)
  A worker ant zombie (D:8)
  4 gnolls
  A howler monkey skeleton (D:5)
  12 adders
  4 shadow imps
  2 adder skeletons
  A worm (D:2)
  2 dart slugs
  5 leopard geckos
  28 orcs
  4 giant cockroaches
  5 goblins
  8 hobgoblins
  6 jackals
  3 quokkas
  7 bats
  A frilled lizard (D:3)
  14 kobolds
  A leopard gecko zombie (D:6)
  A quokka zombie (D:6)
  8 rats
284 creatures vanquished.

Vanquished Creatures (others)
  A worker ant (D:5)
1 creature vanquished.

Grand Total: 285 creatures vanquished

Notes
Turn   | Place    | Note
-------+----------+-------------------------------------------
     0 | D:1      | Delamore the Gargoyle Fighter began the quest for the Orb.
     0 | D:1      | Reached XP level 1. HP: 14/14 MP: 1/1
   119 | D:1      | Reached XP level 2. HP: 17/19 MP: 2/2
   710 | D:1      | Reached skill level 3 in Maces & Flails
   912 | D:2      | Reached XP level 3. HP: 24/24 MP: 3/3
  1637 | D:2      | Reached XP level 4. HP: 29/29 MP: 4/4
  1661 | D:3      | Reached skill level 4 in Maces & Flails
  2087 | D:4      | Found a basalt altar of Yredelemnul.
  2181 | D:4      | Found a glowing golden altar of the Shining One.
  2183 | D:4      | Found an ancient bone altar of Kikubaaqudgha.
  2308 | D:4      | Noticed an ogre
  2351 | D:4      | Killed an ogre
  2351 | D:4      | Reached skill level 5 in Maces & Flails
  2351 | D:4      | Reached XP level 5. HP: 29/33 MP: 5/5
  2375 | D:4      | Found an opulent altar of Gozag.
  2376 | D:4      | Found a hazy altar of Hepliaklqana.
  2483 | D:4      | Noticed a phantom
  2540 | D:4      | Killed a phantom
  2540 | D:4      | Reached skill level 6 in Maces & Flails
  2540 | D:4      | Reached XP level 6. HP: 36/38 MP: 6/6
  2868 | D:5      | Entered Level 5 of the Dungeon
  3067 | D:5      | Reached skill level 7 in Maces & Flails
  3067 | D:5      | Reached XP level 7. HP: 43/43 MP: 7/7
  3245 | D:5      | Reached skill level 8 in Maces & Flails
  3359 | D:5      | Found a radiant altar of Vehumet.
  3410 | D:5      | Found a staircase to the Ecumenical Temple.
  3435 | Temple   | Entered the Ecumenical Temple
  3494 | Temple   | Became a worshipper of Warmaster Okawaru
  3637 | D:5      | Found Hylegyhy's Assorted Antiques.
  3646 | D:5      | Bought a murky puce potion for 20 gold pieces
  3735 | D:5      | Found Ceaniosh's General Store.
  3888 | D:6      | Reached XP level 8. HP: 48/48 MP: 8/8
  3926 | D:6      | Reached skill level 9 in Maces & Flails
  4215 | D:6      | Reached * piety under Okawaru
  4239 | D:6      | Noticed a yak
  4245 | D:6      | Noticed a yak
  4250 | D:6      | Noticed a yak
  4251 | D:6      | Killed a yak
  4251 | D:6      | Noticed a yak
  4254 | D:6      | Noticed a yak
  4256 | D:6      | Noticed a yak
  4263 | D:6      | Killed a yak
  4263 | D:6      | Reached skill level 10 in Maces & Flails
  4284 | D:6      | Killed a yak
  4284 | D:6      | Reached ** piety under Okawaru
  4289 | D:6      | Killed a yak
  4297 | D:6      | Killed a yak
  4297 | D:6      | Reached skill level 11 in Maces & Flails
  4297 | D:6      | Reached XP level 9. HP: 25/52 MP: 9/9
  4630 | D:6      | Reached *** piety under Okawaru
  4950 | D:6      | Found a sparkling altar of Nemelex Xobeh.
  4984 | D:6      | Reached skill level 12 in Maces & Flails
  5346 | D:7      | Reached **** piety under Okawaru
  5355 | D:7      | Reached skill level 13 in Maces & Flails
  5455 | D:7      | Found a transporter.
  5481 | D:7      | Found a basalt altar of Yredelemnul.
  5547 | D:7      | Found a transporter.
  5788 | D:7      | Received a gift from Okawaru
  5788 | D:7      | Reached XP level 10. HP: 48/56 MP: 10/10
  6566 | D:8      | Reached skill level 14 in Maces & Flails
  7067 | D:9      | Reached ***** piety under Okawaru
  7413 | D:9      | Reached skill level 5 in Fighting
  8207 | D:10     | Entered Level 10 of the Dungeon
  8218 | D:10     | Received a gift from Okawaru
  8218 | D:10     | Reached skill level 15 in Maces & Flails
  8218 | D:10     | Reached XP level 11. HP: 63/63 MP: 11/11
  8291 | D:10     | Found a staircase to the Lair.
  8424 | D:10     | Noticed a two-headed ogre
  8429 | D:10     | Killed a two-headed ogre
  8461 | D:10     | Found a burning altar of Makhleb.
  8826 | D:10     | Found a portal to a secret trove of treasure.
  9314 | D:11     | Found a white marble altar of Elyvilon.
  9321 | D:11     | Noticed a manticore
  9341 | D:11     | Killed a manticore
  9341 | D:11     | Reached skill level 16 in Maces & Flails
  9904 | D:11     | Found a staircase to the Orcish Mines.
 10261 | D:12     | Noticed a manticore
 10272 | D:12     | Killed a manticore
 10272 | D:12     | Reached skill level 5 in Shields
 10372 | D:12     | Reached ****** piety under Okawaru
 10480 | D:12     | Found an opulent altar of Gozag.
 10571 | D:12     | Received a gift from Okawaru
 10866 | D:12     | Noticed a skeletal warrior
 10866 | D:12     | Noticed a skeletal warrior
 10866 | D:12     | Noticed a skeletal warrior
 10894 | D:12     | Killed a skeletal warrior
 10934 | D:11     | Killed a skeletal warrior
 10934 | D:11     | Reached XP level 12. HP: 25/72 MP: 12/12
 11082 | D:12     | Received a gift from Okawaru
 11423 | D:12     | Killed from afar by a meliai

Illustrated notes

Levels and vault maps discovered:
D:1:      tarquinn_simple_flora_water_f, layout_loops_ring,
          hangedman_glass_teeth, minmay_cupped
D:2:      layout_basic
D:3:      layout_basic
D:4:      layout_gridville, grunt_temple_overflow_open, first_ration
D:5:      layout_loops_ring, fiery_altar_vehumet,
          minmay_temple_entry_antechambers, serial_shops,
          nicolae_shop_overgrown_old_shop, shop
D:6:      layout_basic, old_standard_altar, dk_rats_in_the_wall
D:7:      gammafunk_steamed_eel, layout_rooms, basic_altar
D:8:      layout_cave_pods, blue_anna_alchemist [blue_anna_fruit_fields,
          blue_anna_fruit_fields]
D:9:      layout_loops_ring, serial_park_tiny_1
D:10:     layout_roguey, dpeg_oklobed_lair, basic_altar,
          nicolae_trove_entry_columns, dk_noncrumbling_4
D:11:     layout_basic, orc_0_dummy, elyvilon_altar_5
D:12:     layout_roguey [special_room_bee], grunt_gozag_statues
Temple:   eino_wide_crystal_templ

Skill      XL: |  1  2  3  4  5  6  7  8  9 10 11 |
---------------+----------------------------------+-----
Maces & Flails | 3 5 6 7 8 11 13 15 16 | 16.2
Fighting       | 4 5 7 |  7.9
Shields        | 4 7 |  7.5
Armour         | |  3.2

Action                   |  1- 3 |  4- 6 |  7- 9 | 10-12 || total
-------------------------+-------+-------+-------+-------++-------
Melee: Flail             |   132 |   122 |   375 |   267 ||   896
       Morningstar       |       |       |       |   515 ||   515
Throw: Dart              |       |     9 |     5 |     6 ||    20
  Use: Scroll            |       |       |     8 |     6 ||    14
       Potion            |       |       |       |     4 ||     4
  Eat: Chunk             |     2 |     5 |     9 |    19 ||    35
Armor: Scale mail        |    30 |       |       |       ||    30
       Chain mail        |    49 |    69 |    66 |       ||   184
       Plate armour      |       |       |   176 |   446 ||   622
Dodge: Dodged            |    37 |    34 |    65 |   169 ||   305
Block: Kite shield       |    88 |    77 |   164 |   273 ||   602
       Reflection        |     3 |       |       |       ||     3
       Buckler           |       |       |       |    59 ||    59
